 Dungeon Crawl Stone Soup version 0.20.0-4-g10b340a (webtiles) character file.

105 hittemv20vhard the Slasher (level 4, -7/37 HPs)
             Began as a Minotaur Skald on May 27, 2017.
             Mangled by an orc
             ... wielding a +0 war axe
              (9 damage)
             ... on level 3 of the Dungeon.
             The game lasted 00:04:27 (2265 turns).

hittemv20vhard the Slasher (Minotaur Skald)         Turns: 2265, Time: 00:04:28

Health: -7/37      AC:  9    Str: 17    XL:     4   Next: 53%
Magic:  5/5        EV:  7    Int: 15    God:
Gold:   74         SH:  0    Dex:  9    Spells: 4/5 levels left

rFire    . . .     SeeInvis .   a - +0 falchion
rCold    . . .     Gourm    .   (no shield)
rNeg     . . .     Faith    .   f - +0 chain mail
rPois    .         Spirit   .   (helmet restricted)
rElec    .         Reflect  .   (no cloak)
rCorr    .         Harm     .   n - +0 pair of gloves
MR       .....                  (no boots)
Stlth    ..........             (no amulet)
Regen    0.2/turn               (no ring)
MPRegen  0.1/turn               (no ring)

@: brilliant, hasted and slowed
A: retaliatory headbutt, horns 2
a: no special abilities


You were on level 3 of the Dungeon.
You were not hungry.

You visited 1 branch of the dungeon, and saw 3 of its levels.

You collected 74 gold pieces.

Inventory:

Hand Weapons
 a - a +0 falchion (weapon)
Missiles
 Q - 59 stones (quivered)
Armour
 f - a +0 chain mail (worn)
 n - a +0 pair of gloves (worn)
Scrolls
 h - a scroll of recharging {unknown}
 p - a scroll of immolation {unknown}
 r - a scroll of remove curse {unknown}
 t - a scroll of random uselessness {unknown}
 u - a scroll of teleportation {unknown}
Potions
 e - a potion of magic {unknown}
 k - a potion of flight
 o - a potion of agility {unknown}
Books
 c - a book of Battle
Comestibles
 d - a bread ration
 i - a royal jelly
 l - 2 meat rations
 q - 5 fruits


   Skills:
 - Level 2.4 Fighting
 + Level 5.8 Long Blades
 - Level 1.2 Armour
 - Level 2.1 Dodging
 - Level 1.3 Spellcasting
 - Level 2.0 Charms


You had 4 spell levels left.
You knew the following spells:

 Your Spells              Type           Power        Failure   Level  Hunger
a - Infusion              Chrm           ###.         19%         1    ##.....


Dungeon Overview and Level Annotations

Branches:
Dungeon (3/15)

Altars:

Annotations:
D:2 exclusion: downstairs
D:3 Feta's ghost, amateur FoFi


Innate Abilities, Weirdness & Mutations

You reflexively headbutt those who attack you in melee.
You have a pair of horns on your head.


Message History

You now have 10/37 hp.
It was a potion of haste.
You feel yourself speed up. The bat barely misses you.
You riposte.
You barely miss the bat.
The orc wizard hits you but does no damage.
The orc closely misses you.
Your chain mail prevents you from hitting the orc wizard.
You headbutt the orc wizard! The orc wizard casts a spell at you.
The magic dart hits you!
* * * LOW HITPOINT WARNING * * *
The orc hits you with a war axe.
* * * LOW HITPOINT WARNING * * *
You take 7 damage, and have 3/37 hp.
It was a potion of brilliance.
You feel clever all of a sudden. The bat hits you.
* * * LOW HITPOINT WARNING * * *
The orc wizard hits you but does no damage.
The orc hits you with a war axe!
You die...

#...)(###.# #....(#
#.# ##.##)###.#
#.##..##.# #.....##.#
#..##.##.# .
#.###.##.# ... ...#
#..#o#..... .....#
#.)@.b......
............o.......#
.....#.####....#..(.#
.?.....# ###..#...##
# ## .......
#....#.###....##.
...#.............
#...........# ##.
.....#. #.#.# ##.
#..#.#.##.#.# #..


You could see an orc wizard, an orc and a bat.

Vault maps used:
D:1:      dpeg_arrival_signposts
D:3:      dk_noncrumbling_3

Notes
Turn   | Place    | Note
-------+----------+-------------------------------------------
     0 | D:1      | hittemv20vhard the Minotaur Skald began the quest for the Orb.
     0 | D:1      | Reached XP level 1. HP: 18/18 MP: 1/1
   125 | D:1      | Reached skill level 3 in Long Blades
   354 | D:1      | Reached XP level 2. HP: 18/25 MP: 3/3
   755 | D:1      | Identified a +0 pair of gloves (You found it on level 1 of the Dungeon)
   968 | D:1      | Reached skill level 4 in Long Blades
  1067 | D:1      | Reached XP level 3. HP: 29/30 MP: 4/4
  1335 | D:2      | Identified a +0 ring mail (You found it on level 2 of the Dungeon)
  1396 | D:2      | Identified 4 scrolls of identify
  1396 | D:2      | Identified a cursed -2 chain mail (You found it on level 2 of the Dungeon)
  1398 | D:2      | Identified 2 potions of curing
  1399 | D:2      | Identified a potion of lignification
  1400 | D:2      | Identified a potion of flight
  1544 | D:2      | Identified a +0 chain mail (You found it on level 2 of the Dungeon)
  1753 | D:2      | Reached skill level 5 in Long Blades
  1845 | D:2      | Reached XP level 4. HP: 33/37 MP: 5/5
  1987 | D:3      | Noticed Feta's ghost (amateur FoFi)
  2263 | D:3      | Identified a potion of haste
  2264 | D:3      | HP: 6/37 [orc wizard/magic dart (4)]
  2265 | D:3      | Identified a potion of brilliance
  2265 | D:3      | HP: 2/37 [bat (1)]
  2265 | D:3      | Identified a +0 war axe
  2265 | D:3      | Mangled by an orc

Table legend:
 A = Turns spent in this place as a percentage of turns spent in the entire game.
 B = Non-inter-level travel turns spent in this place as a percentage of non-inter-level travel turns spent in the entire game.
 C = Inter-level travel turns spent in this place as a percentage of turns spent in this place.
 D = Turns resting spent in this place as a percentage of non-inter-level travel turns spent in this place.
 E = Turns spent auto-exploring this place as a percentage of non-inter-level travel turns spent in this place.
 F = Non-inter-level travel turns spent in this place divided by the number of levels of this place that you've seen.
                   A       B       C       D       E      F
               +-------+-------+-------+-------+-------+----------------------
         Total | 100.0 | 100.0 |   2.2 |   0.4 |  13.8 | 149.3
       Dungeon | 100.0 | 100.0 |   2.2 |   0.4 |  13.8 | 149.3
               +-------+-------+-------+-------+-------+----------------------

Table legend:
 A = Kills in this place as a percentage of kills in entire the game.
 B = Kills by you in this place as a percentage of kills by you in the entire game.
 C = Kills by friends in this place as a percentage of kills by friends in the entire game.
 D = Other kills in this place as a percentage of other kills in the entire game.
 E = Experience gained in this place as a percentage of experience gained in the entire game.
 F = Experience gained in this place divided by the number of levels of this place that you have seen.
                   A       B       C       D       E      F
               +-------+-------+-------+-------+-------+----------------------
         Total | 100.0 | 100.0 |  -nan |  -nan | 100.0 |  50.0
       Dungeon | 100.0 | 100.0 |  -nan |  -nan | 100.0 |  50.0
               +-------+-------+-------+-------+-------+----------------------

Skill      XL: |  1  2  3 |
---------------+----------+-----
Long Blades    | 3 4 5 |  5.8
Fighting       | |  2.4
Armour         | |  1.2
Dodging        | |  2.1
Spellcasting   | |  1.3
Charms         | |  2.0

Action                   |  1- 3 |  4- 6 || total
-------------------------+-------+-------++-------
Melee: Falchion          |   100 |    47 ||   147
       Headbutt          |     4 |     4 ||     8
Throw: Stone             |    21 |    11 ||    32
  Use: Scroll            |     4 |       ||     4
       Potion            |       |     5 ||     5
  Eat: Chunk             |     3 |     1 ||     4
Armor: Leather armour    |    11 |       ||    11
       Chain mail        |    22 |    26 ||    48
       Ring mail         |     5 |       ||     5
       Skin              |       |    59 ||    59
Dodge: Dodged            |    65 |    15 ||    80
       Rpst.: Falchion   |    14 |     3 ||    17

Vanquished Creatures
  An orc wizard (D:3)
  3 adders (D:2)
  An ooze (D:1)
  A worm (D:2)
  2 leopard geckos (D:1)
  A ball python (D:1)
  A giant cockroach (D:1)
  7 goblins
  8 hobgoblins
  2 jackals (D:2)
  4 bats
  4 frilled lizards
  4 kobolds
  6 rats
45 creatures vanquished.
